TOP OF THE 1ST |
Seattle (APP) Mariners batting - Pitching for Greeneville Astros : RHP David Sanchez
|
Pitching: RHP David Sanchez
|
|
Batting: RHB Carlton McDonald
|
0-0: Called Strike 0-1: Called Strike 0-2: Strikes out swinging
|
Batting: LHB William Gonzales
|
0-0: Called Strike 0-1: Ball 1-1: Ground out U3 (Groundball, 34, EV 83.8 MPH)
|
Batting: RHB Rich Griffith
|
0-0: Ball 1-0: Swinging Strike 1-1: Foul Ball, location: 2F 1-2: Ball 2-2: Ball 3-2: Base on Balls
|
Batting: RHB Eddie Luna
|
0-0: Ball 1-0: Called Strike 1-1: Ball 2-1: Foul Ball, location: 2F 2-2: Ball Rich Griffith is caught stealing 2nd base 2-4
|
Top of the 1st over - 0 runs, 0 hits, 0 errors, 0 left on base; Seattle (APP) 0 - Greeneville 0 |
BOTTOM OF THE 1ST |
Greeneville Astros batting - Pitching for Seattle (APP) Mariners : LHP Mike Roberts
|
Pitching: LHP Mike Roberts
|
|
Batting: SHB Steve Ramsey
|
0-0: Ball 1-0: Called Strike 1-1: Ball 2-1: Ball 3-1: Ground out 6-3 (Groundball, 56, EV 81.2 MPH)
|
Batting: RHB Jamie Walker
|
0-0: Called Strike 0-1: Ball 1-1: Foul Ball, location: 2F 1-2: Ball 2-2: Strikes out swinging
|
Batting: RHB Hugo Priego
|
0-0: Ball 1-0: Ball 2-0: Ball 3-0: Called Strike 3-1: Base on Balls
|
Batting: RHB Roberto Rios
|
0-0: Called Strike Hugo Priego steals 2nd base 0-1: Ball 1-1: Ball 2-1: Foul Ball, location: 2F 2-2: Ball 3-2: Fly out, F7 (Flyball, 7D, EV 80.6 MPH)
|
Bottom of the 1st over - 0 runs, 0 hits, 0 errors, 1 left on base; Seattle (APP) 0 - Greeneville 0 |
TOP OF THE 2ND |
Seattle (APP) Mariners batting - Pitching for Greeneville Astros : RHP David Sanchez
|
Batting: RHB Eddie Luna
|
0-0: Called Strike 0-1: Swinging Strike 0-2: Ball 1-2: Ball 2-2: Foul Ball, location: 2F 2-2: Foul Ball, location: 2F 2-2: Strikes out looking
|
Batting: RHB Ziven Badersky
|
0-0: Called Strike 0-1: Ball 1-1: Ground out 5-3 (Groundball, 56S, EV 85.6 MPH)
|
Batting: RHB Joaquin Salazar
|
0-0: Foul Ball, location: 2F 0-1: Swinging Strike 0-2: SINGLE (Line Drive, 89S, EV 90.6 MPH)
|
Batting: RHB Victor Rosas
|
0-0: Ball Joaquin Salazar steals 2nd base 1-0: Called Strike 1-1: Ground out 2-3 (Groundball, 15S, EV 69.4 MPH)
|
Top of the 2nd over - 0 runs, 1 hit, 0 errors, 1 left on base; Seattle (APP) 0 - Greeneville 0 |
BOTTOM OF THE 2ND |
Greeneville Astros batting - Pitching for Seattle (APP) Mariners : LHP Mike Roberts
|
Batting: LHB Bert Middleton
|
0-0: Foul Ball, location: 2F 0-1: Ball 1-1: SINGLE (Line Drive, 56, EV 94.4 MPH)
|
Batting: RHB Tim Williams
|
0-0: Called Strike 0-1: Fly out, F7 (Line Drive, 7, EV 95.0 MPH)
|
Batting: SHB Rory Mozer
|
0-0: Ball 1-0: Fly out, F8 (Line Drive, 8RS, EV 112.5 MPH)
|
Batting: LHB Ryan Fridley
|
0-0: Ball 1-0: Swinging Strike 1-1: Foul Ball, location: 2F 1-2: Foul Ball, location: 2F 1-2: SINGLE (Line Drive, 6, EV 99.4 MPH) Bert Middleton to second
|
Batting: RHB Mike Brisbin
|
0-0: Ball 1-0: Called Strike 1-1: Swinging Strike 1-2: Foul Ball, location: 2F 1-2: Strikes out swinging
|
Bottom of the 2nd over - 0 runs, 2 hits, 0 errors, 2 left on base; Seattle (APP) 0 - Greeneville 0 |
TOP OF THE 3RD |
Seattle (APP) Mariners batting - Pitching for Greeneville Astros : RHP David Sanchez
|
Batting: LHB Garrett Dodge
|
0-0: Swinging Strike 0-1: Ball 1-1: Foul Ball, location: 2F 1-2: Strikes out looking
|
Batting: RHB Tristan Martin
|
0-0: Hit by Pitch
|
Batting: RHB Carlton McDonald
|
0-0: Ball 1-0: Ball 2-0: Ball 3-0: Base on Balls Tristan Martin to second
|
Batting: LHB William Gonzales
|
0-0: Ball 1-0: Foul Ball, location: 2F 1-1: Ball 2-1: Foul Ball, location: 2F 2-2: Fly out, F7 (Line Drive, 7, EV 99.4 MPH)
|
Batting: RHB Rich Griffith
|
0-0: Called Strike 0-1: Ball 1-1: Swinging Strike 1-2: Foul Ball, location: 2F 1-2: Strikes out swinging
|
Top of the 3rd over - 0 runs, 0 hits, 0 errors, 2 left on base; Seattle (APP) 0 - Greeneville 0 |
BOTTOM OF THE 3RD |
Greeneville Astros batting - Pitching for Seattle (APP) Mariners : LHP Mike Roberts
|
Batting: SHB Steve Ramsey
|
0-0: Called Strike 0-1: Foul Ball, location: 2F 0-2: Strikes out looking
|
Batting: RHB Jamie Walker
|
0-0: Ball 1-0: Called Strike 1-1: Ball 2-1: Called Strike 2-2: Foul Ball, location: 2F 2-2: Ball 3-2: Base on Balls
|
Batting: RHB Hugo Priego
|
0-0: Fly out, F8 (Flyball, 78M, EV 88.1 MPH)
|
Batting: RHB Roberto Rios
|
0-0: Called Strike Jamie Walker steals 2nd base 0-1: Swinging Strike 0-2: Ball 1-2: DOUBLE (Line Drive, 7LM, EV 106.9 MPH) Jamie Walker scores
|
Batting: LHB Bert Middleton
|
0-0: DOUBLE (Groundball, 5L, EV 101.2 MPH) Roberto Rios scores
|
Batting: RHB Tim Williams
|
0-0: Foul Ball, location: 2F 0-1: Ground out 6-3 (Groundball, 6, EV 98.8 MPH)
|
Bottom of the 3rd over - 2 runs, 2 hits, 0 errors, 1 left on base; Seattle (APP) 0 - Greeneville 2 |
TOP OF THE 4TH |
Seattle (APP) Mariners batting - Pitching for Greeneville Astros : RHP David Sanchez
|
Batting: RHB Eddie Luna
|
0-0: Called Strike 0-1: SINGLE (Popup, 5D, EV 51.2 MPH)
|
Batting: RHB Ziven Badersky
|
0-0: Ball 1-0: Foul Ball, location: 2F 1-1: Called Strike 1-2: Strikes out swinging
|
Batting: RHB Joaquin Salazar
|
0-0: Ball Wild Pitch! Eddie Luna to second 1-0: Ball 2-0: Ball 3-0: Called Strike 3-1: Base on Balls
|
Batting: RHB Victor Rosas
|
0-0: Ball 1-0: Ball 2-0: Called Strike 2-1: Swinging Strike 2-2: Strikes out looking
|
Batting: LHB Garrett Dodge
|
0-0: Ball 1-0: Called Strike 1-1: Ball 2-1: Swinging Strike 2-2: Ground out 4-3 (Groundball, 4M, EV 103.1 MPH)
|
Top of the 4th over - 0 runs, 1 hit, 0 errors, 2 left on base; Seattle (APP) 0 - Greeneville 2 |
BOTTOM OF THE 4TH |
Greeneville Astros batting - Pitching for Seattle (APP) Mariners : LHP Mike Roberts
|
Batting: SHB Rory Mozer
|
0-0: Swinging Strike 0-1: Ball 1-1: Foul Ball, location: 2F 1-2: Ball 2-2: Strikes out looking
|
Pitching: RHP Ross Hallock
|
|
Batting: LHB Ryan Fridley
|
0-0: Swinging Strike 0-1: Swinging Strike 0-2: Ball 1-2: Foul Ball, location: 2F 1-2: Strikes out swinging
|
Batting: RHB Mike Brisbin
|
0-0: Ball 1-0: Swinging Strike 1-1: Ball 2-1: Swinging Strike 2-2: Strikes out swinging
|
Bottom of the 4th over - 0 runs, 0 hits, 0 errors, 0 left on base; Seattle (APP) 0 - Greeneville 2 |
TOP OF THE 5TH |
Seattle (APP) Mariners batting - Pitching for Greeneville Astros : RHP David Sanchez
|
Batting: RHB Tristan Martin
|
0-0: DOUBLE (Flyball, 78D, EV 95.0 MPH)
|
Batting: RHB Carlton McDonald
|
0-0: Ball 1-0: Called Strike 1-1: Foul Ball, location: 2F 1-2: Foul Ball, location: 2F 1-2: Ball 2-2: SINGLE (Groundball, 4, EV 102.5 MPH) Tristan Martin to third Runner from 3rd tries for Home, SAFE, throw by RF to home
|
Pitching: LHP Joe Sellick
|
|
Batting: LHB William Gonzales
|
0-0: Ball 1-0: Ball Carlton McDonald is caught stealing 2nd base 2-6 2-0: Swinging Strike 2-1: Foul Ball, location: 2F 2-2: Ball 3-2: Strikes out swinging
|
Batting: RHB Rich Griffith
|
0-0: Called Strike 0-1: Foul Ball, location: 2F 0-2: Ball 1-2: Ball 2-2: Strikes out swinging
|
Top of the 5th over - 1 run, 2 hits, 0 errors, 0 left on base; Seattle (APP) 1 - Greeneville 2 |
BOTTOM OF THE 5TH |
Greeneville Astros batting - Pitching for Seattle (APP) Mariners : RHP Ross Hallock
|
Batting: SHB Steve Ramsey
|
0-0: SINGLE (Groundball, 4M, EV 103.8 MPH) (infield hit)
|
Batting: RHB Jamie Walker
|
0-0: Foul Ball, location: 2F 0-1: Called Strike 0-2: Fielders Choice at 2nd, 3-6 (Groundball, 3, EV 86.2 MPH)
|
Pitching: RHP Daniel Villalobos
|
|
Batting: RHB Hugo Priego
|
0-0: Called Strike 0-1: Called Strike 0-2: Ball 1-2: Ball 2-2: DOUBLE (Line Drive, 8LXD, EV 104.4 MPH) Jamie Walker to third
|
Pinch Runner at 2nd Kenny Beall:
|
|
Batting: RHB Roberto Rios
|
0-0: Ball 1-0: DOUBLE (Flyball, 89D, EV 101.9 MPH) Jamie Walker scores Kenny Beall scores
|
Batting: LHB Bert Middleton
|
0-0: Ball 1-0: Called Strike 1-1: Called Strike 1-2: Ball 2-2: Strikes out swinging
|
Batting: RHB Tim Williams
|
0-0: Foul Ball, location: 2F 0-1: Ball 1-1: Swinging Strike 1-2: Strikes out swinging
|
Bottom of the 5th over - 2 runs, 3 hits, 0 errors, 1 left on base; Seattle (APP) 1 - Greeneville 4 |
TOP OF THE 6TH |
Seattle (APP) Mariners batting - Pitching for Greeneville Astros : LHP Joe Sellick
|
Batting: RHB Eddie Luna
|
0-0: Swinging Strike 0-1: Fly out, F9 (Flyball, 89M, EV 80.6 MPH)
|
Batting: RHB Ziven Badersky
|
0-0: Ground out 4-3 (Groundball, 34, EV 107.5 MPH)
|
Batting: RHB Joaquin Salazar
|
0-0: Called Strike 0-1: Ball 1-1: Foul Ball, location: 2F 1-2: Fly out, F8 (Flyball, 8LD, EV 91.9 MPH)
|
Top of the 6th over - 0 runs, 0 hits, 0 errors, 0 left on base; Seattle (APP) 1 - Greeneville 4 |
BOTTOM OF THE 6TH |
Greeneville Astros batting - Pitching for Seattle (APP) Mariners : RHP Daniel Villalobos
|
Batting: SHB Rory Mozer
|
0-0: Ground out 4-3 (Groundball, 4, EV 100.0 MPH)
|
Batting: LHB Ryan Fridley
|
0-0: Ball 1-0: Ground out 4-3 (Groundball, 4, EV 106.9 MPH)
|
Batting: RHB Mike Brisbin
|
0-0: Ball 1-0: Ball 2-0: Ball 3-0: Foul Ball, location: 2F 3-1: Base on Balls
|
Batting: SHB Steve Ramsey
|
0-0: Called Strike 0-1: Ball 1-1: Called Strike 1-2: Foul Ball, location: 2F 1-2: Ball 2-2: Foul Ball, location: 2F 2-2: Ground out U3 (Groundball, 3S, EV 71.2 MPH)
|
Bottom of the 6th over - 0 runs, 0 hits, 0 errors, 1 left on base; Seattle (APP) 1 - Greeneville 4 |
TOP OF THE 7TH |
Seattle (APP) Mariners batting - Pitching for Greeneville Astros : LHP Joe Sellick
|
Batting: RHB Victor Rosas
|
0-0: Called Strike 0-1: Ball 1-1: Fly out, F7 (Flyball, 78M, EV 83.8 MPH)
|
Pinch Hitting: RHB Steve Carmichael
|
0-0: Called Strike 0-1: Fly out, F8 (Flyball, 8LD, EV 99.4 MPH)
|
Batting: RHB Tristan Martin
|
0-0: Foul Ball, location: 2F 0-1: Fly out, F8 (Flyball, 8RD, EV 90.6 MPH)
|
Top of the 7th over - 0 runs, 0 hits, 0 errors, 0 left on base; Seattle (APP) 1 - Greeneville 4 |
BOTTOM OF THE 7TH |
Greeneville Astros batting - Pitching for Seattle (APP) Mariners : RHP Daniel Villalobos
|
Now in RF: Steve Carmichael
|
|
Batting: RHB Jamie Walker
|
0-0: Ball 1-0: Ground out 1-3 (Groundball, 13S, EV 66.2 MPH)
|
Batting: RHB Kenny Beall
|
0-0: Called Strike 0-1: Hit by Pitch
|
Pitching: RHP Bryce Blanksby
|
|
Batting: RHB Roberto Rios
|
0-0: Called Strike 0-1: Foul Ball, location: 2F 0-2: Ball 1-2: Strikes out looking
|
Batting: LHB Bert Middleton
|
0-0: Swinging Strike 0-1: Ball 1-1: Foul Ball, location: 2F 1-2: Strikes out swinging
|
Bottom of the 7th over - 0 runs, 0 hits, 0 errors, 1 left on base; Seattle (APP) 1 - Greeneville 4 |
TOP OF THE 8TH |
Seattle (APP) Mariners batting - Pitching for Greeneville Astros : LHP Joe Sellick
|
Batting: RHB Carlton McDonald
|
0-0: Ball 1-0: Foul Ball, location: 2F 1-1: Foul Ball, location: 2F 1-2: Ball 2-2: Ground out U3 (Groundball, 3S, EV 77.5 MPH)
|
Batting: LHB William Gonzales
|
0-0: Foul Ball, location: 2F 0-1: Ball 1-1: Called Strike 1-2: Ball 2-2: Strikes out swinging
|
Pitching: RHP Jason LaPage
|
|
Batting: RHB Rich Griffith
|
0-0: Ball 1-0: Foul Ball, location: 2F 1-1: Ball 2-1: Ball 3-1: Foul Ball, location: 2F 3-2: Foul Ball, location: 2F 3-2: Ground out 4-3 (Groundball, 4, EV 103.8 MPH)
|
Top of the 8th over - 0 runs, 0 hits, 0 errors, 0 left on base; Seattle (APP) 1 - Greeneville 4 |
BOTTOM OF THE 8TH |
Greeneville Astros batting - Pitching for Seattle (APP) Mariners : RHP Bryce Blanksby
|
Batting: RHB Tim Williams
|
0-0: Ball 1-0: Ball 2-0: Called Strike 2-1: Swinging Strike 2-2: Strikes out swinging
|
Batting: SHB Rory Mozer
|
0-0: Called Strike 0-1: Ball 1-1: SINGLE (Groundball, 34D, EV 106.9 MPH)
|
Batting: LHB Ryan Fridley
|
0-0: Ball 1-0: Called Strike 1-1: Foul Ball, location: 2F 1-2: Foul Ball, location: 2F 1-2: Ball 2-2: Strikes out swinging
|
Batting: RHB Mike Brisbin
|
0-0: Called Strike 0-1: Swinging Strike 0-2: Ball 1-2: Foul Ball, location: 2F 1-2: Strikes out swinging
|
Bottom of the 8th over - 0 runs, 1 hit, 0 errors, 1 left on base; Seattle (APP) 1 - Greeneville 4 |
TOP OF THE 9TH |
Seattle (APP) Mariners batting - Pitching for Greeneville Astros : RHP Jason LaPage
|
Pitching: RHP Marc Marchand
|
|
Batting: RHB Eddie Luna
|
0-0: Ball 1-0: Ground out 6-3 (Groundball, 6, EV 97.5 MPH)
|
Batting: RHB Ziven Badersky
|
0-0: Ball 1-0: Ground out U3 (Groundball, 34, EV 106.2 MPH)
|
Batting: RHB Joaquin Salazar
|
0-0: Swinging Strike 0-1: Swinging Strike 0-2: Ball 1-2: Ball 2-2: Strikes out swinging
|
Top of the 9th over - 0 runs, 0 hits, 0 errors, 0 left on base; Seattle (APP) 1 - Greeneville 4 |
|